 Dungeon Crawl Stone Soup version 0.21-a0-283-g622b906 (webtiles) character file.

65 nikopol the Magician (level 3, -1/19 HPs)
             Began as a Deep Elf Fire Elementalist on Sept 24, 2017.
             Slain by an orc wizard
             ... wielding a +2 dagger of protection
              (2 damage)
             ... on level 4 of the Dungeon.
             The game lasted 00:04:34 (1382 turns).

nikopol the Magician (Deep Elf Fire Elementalist)   Turns: 1382, Time: 00:04:34

Health: -1/19      AC:  3    Str:  5    XL:     3   Next: 92%
Magic:  1/10       EV: 13    Int: 20    God:
Gold:   49         SH:  0    Dex: 15    Spells: 4/10 levels left

rFire    . . .     SeeInvis .   e - +0 dagger
rCold    . . .     Gourm    .   (no shield)
rNeg     . . .     Faith    .   a - +0 robe
rPois    .         Spirit   .   m - +0 helmet
rElec    .         Reflect  .   (no cloak)
rCorr    .         Harm     .   (no gloves)
MR       .....                  (no boots)
Stlth    ++........             (no amulet)
HPRegen  0.06/turn              (no ring)
MPRegen  0.12/turn              (no ring)

@: no status effects
A: no striking features
a: no special abilities


You were on level 4 of the Dungeon.
You were not hungry.

You visited 1 branch of the dungeon, and saw 3 of its levels.

You collected 49 gold pieces.

Inventory:

Hand Weapons
 e - a +0 dagger (weapon)
Armour
 a - a +0 robe (worn)
 m - a +0 helmet (worn)
Scrolls
 g - a scroll of amnesia {unknown}
 j - a scroll of recharging {unknown}
 k - a scroll of remove curse {unknown}
Potions
 h - 2 potions of curing {unknown}
 l - a potion of mutation {unknown}
 n - a potion of brilliance {unknown}
Books
 b - a book of Flames

   Spells                             Type                      Level
   a - Flame Tongue                   Conjuration/Fire             1
   b - Throw Flame                    Conjuration/Fire             2
   c - Conjure Flame                  Conjuration/Fire             3
   d - Inner Flame                    Hexes/Fire                   3
   e - Sticky Flame                   Conjuration/Fire             4
   f - Fireball                       Conjuration/Fire             5
Comestibles
 c - a bread ration
 d - 4 fruits
 f - 2 chunks of flesh
 i - a royal jelly


   Skills:
 + Level 2.7 Dodging
 + Level 2.6 Stealth
 + Level 4.2 Spellcasting
 + Level 2.2 Conjurations
 + Level 3.8 Fire Magic


You had 4 spell levels left.
You knew the following spells:

 Your Spells              Type           Power        Failure   Level  Hunger
a - Flame Tongue          Conj/Fire      ###..        3%          1    None
b - Throw Flame           Conj/Fire      ###...       5%          2    #......
c - Conjure Flame         Conj/Fire      ###.....     11%         3    ###....


Dungeon Overview and Level Annotations

Branches:
Dungeon (2/15)

Altars:
Uskayaw


Message History

The orc wizard casts a spell at you. The magic dart hits you!
* * * LOW HITPOINT WARNING * * *
Casting: Flame Tongue
Confirm with . or Enter, or press ? or * to list all spells.
Aiming: Flame Tongue
Press: ? - help, Shift-Dir - straight line, f/p - orc wizard
Aim: an orc wizard, wielding a dagger of protection and wearing a robe (almost dead, fast)
The flame tongue hits the orc wizard.
The orc wizard appears unharmed.
The orc wizard is almost dead.
The orc wizard looks braver for a moment.
You hit the orc wizard but do no damage.
The orc wizard is almost dead.
The orc wizard gestures wildly while chanting.
The orc wizard flickers and vanishes!
Deactivating autopickup; reactivate with Ctrl-A.
You hit something but do no damage. Something hits you.
* * * LOW HITPOINT WARNING * * *
Something hits you.
You die...

#### ###### ##
#####..#######....####.#
.oo............o.......#
#####...############.###
##### ##.## ##..#
######### ##{.##
........###@.##
............##
#######.....# #........#
#..####### #.## #.. ##.
#


There were no monsters in sight!

Vanquished Creatures
  3 adders (D:2)
  2 leopard geckos (D:2)
  An orc (D:4)
  3 bats
  A giant cockroach (D:2)
  3 goblins
  4 hobgoblins
  6 jackals
  4 kobolds
  A ball python (D:1)
  A frilled lizard (D:1)
  3 rats
32 creatures vanquished.

Notes
Turn   | Place    | Note
-------+----------+-------------------------------------------
     0 | D:1      | nikopol the Deep Elf Fire Elementalist began the quest for the Orb.
     0 | D:1      | Reached XP level 1. HP: 10/10 MP: 6/6
   196 | D:1      | Reached XP level 2. HP: 10/15 MP: 0/8
   802 | D:2      | Reached XP level 3. HP: 19/19 MP: 7/10
   863 | D:2      | Learned a level 2 spell: Throw Flame
   867 | D:2      | Learned a level 3 spell: Conjure Flame
   958 | D:2      | Reached skill level 4 in Spellcasting
  1044 | D:2      | Found a hide-covered altar of Uskayaw.
  1322 | D:2      | You fall through a shaft for 2 floors!
  1382 | D:4      | Slain by an orc wizard

Vault maps used:
D:1:      dpeg_arrival_orchard
D:2:      old_standard_altar

Skill      XL: |  1  2  3 |
---------------+----------+-----
Spellcasting   | 4 |  4.2
Conjurations   | 2 |  2.2
Dodging        | |  2.7
Stealth        | |  2.6
Fire Magic     | |  3.8

Action                   || total
-------------------------++-------
Melee: Dagger            ||     8
 Cast: Flame Tongue      ||    78
       Conjure Flame     ||     1
  Eat: Chunk             ||     1
Armor: Robe              ||    11
Dodge: Dodged            ||    31

Table legend:
 A = Spawn XP
 B = Non-spawn XP
 C = Spawn XP percentage of total XP
 D = Spawn monster count
 E = Non-spawn monster count
 F = Spawn count percentage of total count
 G = Total turns spent on level
                    A         B        C        D         E        F      G
               +---------+---------+-------+---------+---------+-------+---------
         Total |       0 |      93 |   0.0 |       0 |      32 |   0.0 |  1382
               +---------+---------+-------+---------+---------+-------+---------
           D:1 |       0 |      29 |   0.0 |       0 |      16 |   0.0 |   798
           D:2 |       0 |      61 |   0.0 |       0 |      15 |   0.0 |   524
           D:4 |       0 |       3 |   0.0 |       0 |       1 |   0.0 |    60
               +---------+---------+-------+---------+---------+-------+---------
